 Dungeon Crawl Stone Soup version 0.29-b1-11-g2030932060 (webtiles) character file.

Game seed: 14747141535005214349

14 funkygono the Firebug (level 2, -1/15 HPs)
             Began as a Gargoyle Fire Elementalist on Aug 23, 2022.
             Slain by a quokka (2 damage)
             ... on level 1 of the Dungeon.
             The game lasted 00:00:59 (378 turns).

funkygono the Firebug (Gargoyle Fire Elementalist)   Turns: 378, Time: 00:01:00

Health: -1/15      AC:  4    Str: 11    XL:     2   Next: 41%
Magic:  2/5        EV: 11    Int: 15    God:
Gold:   49         SH:  0    Dex: 10    Spells: 2/5 levels left

rFire   . . .      SeeInvis .   i - +0 club
rCold   . . .      Faith    .   (no shield)
rNeg    + . .      Spirit   .   a - +0 robe
rPois   ∞          Reflect  .   (no helmet)
rElec   +          Harm     .   (no cloak)
rCorr   .          Rampage  .   (no gloves)
Will    .....                   (no boots)
Stlth   ++........              (no amulet)
HPRegen 0.05/turn               (no ring)
MPRegen 0.09/turn               (no ring)

@: no status effects
A: sickness immunity, AC +2, negative energy resistance 1, electricity
resistance, torment resistance 1, petrification resistance
a: no special abilities


You were on level 1 of the Dungeon.
You visited 1 branch of the dungeon, and saw 1 of its levels.

You collected 49 gold pieces.

Inventory:

Hand Weapons
 f - a +0 dagger
 i - a +0 club (weapon)
Armour
 a - a +0 robe (worn)
Magical Staves
 g - a staff of cold
Scrolls
 c - a scroll of magic mapping {unknown}
 e - a scroll of identify {unknown}
 h - a scroll of blinking {unknown}
Potions
 b - a potion of magic
 d - 2 potions of degeneration {unknown}


   Skills:
 + Level 1.5 Dodging
 + Level 2.3 Stealth
 + Level 0.4 Unarmed Combat
 + Level 2.3 Spellcasting
 + Level 1.3 Conjurations
 + Level 3.2 Fire Magic


You had 2 spell levels left.
You knew the following spells:

 Your Spells              Type           Power      Damage    Failure   Level
a - Foxfire               Conj/Fire      32%        2x1d5     9%          1
b - Scorch                Fire           22%        2d6       9%          2

Your spell library contained the following spells:

 Spells                   Type           Power      Damage    Failure   Level
 Conjure Flame            Conj/Fire      8%         6-21      26%         3
 Inner Flame              Hex/Fire       6%         N/A       32%         3
 Flame Wave               Conj/Fire      8%         2d5       63%         4


Dungeon Overview and Level Annotations

Branches:
Dungeon (1/15)

Altars:


Innate Abilities, Weirdness & Mutations

You are immune to sickness and miasma.
Your stone body is resilient. (AC +2)
You are immune to poison.
You resist negative energy. (rN+)
You are resistant to electric shocks. (rElec)
You are resistant to unholy torment.
You are immune to petrification.


Message History

You closely miss the quokka. The quokka bites you.
You hit the quokka.
The quokka is moderately wounded.
The quokka barely misses you. The quokka closely misses you.
You hit the quokka but do no damage.
The quokka is moderately wounded.
The quokka barely misses you.
You barely miss the quokka.
The quokka is moderately wounded.
The quokka completely misses you. The quokka misses you.
The kobold shouts!
You barely miss the quokka.
The quokka is moderately wounded.
The quokka barely misses you. The kobold hits you with a +0 whip.
The quokka barely misses you.
You closely miss the quokka.
The quokka is moderately wounded.
The kobold barely misses you.
The quokka bites you but does no damage.
You barely miss the quokka.
The quokka is moderately wounded.
The quokka closely misses you. The kobold hits you with a +0 whip.
* * * LOW HITPOINT WARNING * * *
The quokka bites you.
* * * LOW HITPOINT WARNING * * *
The kobold closely misses you. The quokka attacks as you move away!
The quokka barely misses you. The kobold attacks as you move away!
The kobold misses you.
Casting: Scorch (safe; 9% risk of failure)
Confirm with . or Enter, or press ? or * to list all spells.
You conjure some foxfire!
The quokka closely misses you. The kobold misses you.
The foxfire hits the kobold.
You kill the kobold!
The foxfire hits the quokka.
The quokka is heavily wounded.
The quokka barely misses you. The quokka attacks as you move away!
The quokka closely misses you. The quokka attacks as you move away!
The quokka barely misses you. The quokka bites you.
You die...

.........#...##....#######.#
.....#....##.............#.#
.....#.#.................#.#
###....###...#..#........#.#
##.§####........#........#.#
...##...........#..........##
###.............#......)....###
###.#..⌠.........##...........#
.#..#...........@r..#####.###....
....#............#####....# #..
.......#...........##..#### .
.....#.#.......>##....## ..
..####.#..........##...# ##. ###
#..#########..#.#.#### .. ##.#
#...#....# #.# #.. ##.....#.# ..#
#.. #..##...##.#


You could see a quokka.

Vanquished Creatures
  A dart slug (D:1)
  2 endoplasms (D:1)
  A goblin (D:1)
  A hobgoblin (D:1)
  2 bats (D:1)
  A frilled lizard (D:1)
  3 kobolds (D:1)
11 creatures vanquished.

Vanquished Creatures (others)
  25 foxfires (D:1)
25 creatures vanquished.

Grand Total: 36 creatures vanquished

Notes
Turn   | Place    | Note
-------+----------+-------------------------------------------
     0 | D:1      | funkygono the Gargoyle Fire Elementalist began the quest
                  | for the Orb.
     0 | D:1      | Reached XP level 1. HP: 10/10 MP: 3/3
   114 | D:1      | Reached XP level 2. HP: 15/15 MP: 3/5
   117 | D:1      | Learned a level 2 spell: Scorch
   378 | D:1      | Slain by a quokka

Illustrated notes

Levels and vault maps discovered:
D:1:      minmay_arrival_solitary_statue, layout_rooms,
          hellmonk_ecumenical_altar_zigzags, dreamdust_wishing_well

Action                   || total
-------------------------++-------
Melee: Unarmed           ||     3
       Club              ||    10
       Dagger            ||     4
 Cast: Foxfire           ||    18
       Scorch            ||     1
Armor: Robe              ||     9
Dodge: Dodged            ||    31
